 Dungeon Crawl Stone Soup version 0.30.1-11-g7821555f0a (webtiles) character file.

Game seed: 2607559770305789867

5171 relativegg the Fighter (level 10, -15/88 HPs)
             Began as a Grey Draconian Cinder Acolyte on Jan 14, 2024.
             Was a Believer of Ignis.
             Demolished by Urug
             ... wielding a +1 war axe of freezing
              (27 damage)
             ... on level 2 of the Lair of Beasts.
             The game lasted 00:31:11 (8668 turns).

relativegg the Fighter (DrCA)                       Turns: 8668, Time: 00:31:11

Health: -15/88     AC: 21    Str: 21    XL:     10   Next: 34%
Magic:  17/19      EV: 12    Int: 15    God:    Ignis [**....]
Gold:   395        SH:  0    Dex:  6    Spells: 20/22 levels left

rFire   + + .        j - +4 short sword (venom)
rCold   . . .        (no shield)
rNeg    . . .        (body armour unavailable)
rPois   .            (helmet restricted)
rElec   .            e - +0 cloak of Ruly {rF+}
rCorr   .            (no gloves)
SInv    .            (no boots)
Will    .....        E - amulet of regeneration
Stlth   ++           u - +4 ring of protection
HPRegen 1.14/turn    s - +4 ring of protection
MPRegen 0.16/turn

%: no passive effects
@: studying Dodging
A: AC +12, amphibious, unfitting armour, cold-blooded
a: Renounce Religion, Fiery Armour, Foxfire Swarm, Rising Flame


You were on level 2 of the Lair of Beasts.
You worshipped Ignis.
Ignis was pleased with you.
You visited 3 branches of the dungeon, and saw 12 of its levels.
You also visited: Ossuary.

You collected 395 gold pieces.

Inventory:

Hand Weapons
 a - a +1 spear of flaming
 j - a +4 short sword of venom (weapon)
Missiles
 q - a throwing net
Armour
 e - the +0 cloak of Ruly (worn) {rF+}
   (You acquired it on level 4 of the Dungeon)

   rF:        It protects you from fire.
Jewellery
 o - a ring of protection from fire
 s - a +4 ring of protection (right hand)
 u - a +4 ring of protection (left hand)
 z - a ring of magical power
 C - an amulet of guardian spirit
 E - an amulet of regeneration (around neck)
 F - a ring of resist corrosion
Wands
 l - a wand of paralysis (7)
 r - a wand of mindburst (16)
 v - a wand of flame (14)
 A - a wand of digging (6)
Scrolls
 b - 3 scrolls of magic mapping
 c - 3 scrolls of identify
 d - a scroll of blinking
 f - 2 scrolls of fog (quivered)
 w - a scroll of silence
 x - 4 scrolls of fear
 y - 3 scrolls of teleportation
Potions
 g - 2 potions of haste
 h - a potion of flight
 k - 2 potions of cancellation
 m - 3 potions of magic
 n - 3 potions of attraction
 p - 2 potions of brilliance
 t - 2 potions of might
 B - a potion of curing
 D - 2 potions of resistance {unknown}


   Skills:
 * Level 8.1 Fighting
 * Level 7.8 Short Blades
 - Level 3.6 Polearms
 + Level 6.5 Dodging
 + Level 2.8 Stealth
 * Level 6.5 Spellcasting
 + Level 5.5 Fire Magic
 + Level 0.1 Evocations


You had 20 spell levels left.
You knew the following spells:

 Your Spells              Type           Power      Damage    Failure   Level
a - Scorch                Fire           42%        2d7       2%          2

Your spell library contained the following spells:

 Spells                   Type           Power      Damage    Failure   Level
 Freeze                   Ice            16%        1d4       14%         1
 Frozen Ramparts          Ice            8%         1d2       38%         3
 Hailstorm                Conj/Ice       4%         3d4       38%         3


Dungeon Overview and Level Annotations

Branches:
Dungeon (9/15)             Temple (1/1) D:6            Lair (1/5) D:9
Ossuary (visited)
    Orc: D:9-12

Altars:
Ashenzari
Cheibriados
Dithmenos
Elyvilon
Fedhas
Gozag
Hepliaklqana
Kikubaaqudgha
Makhleb
Nemelex Xobeh
Okawaru
Qazlal
Ru
Sif Muna
Trog
Uskayaw
Vehumet
Wu Jian
Xom
Yredelemnul
Zin
The Shining One

Shops:
D:4 (   D:8 :

Annotations:
Lair:2 Urug


Innate Abilities, Weirdness & Mutations

Your dull iron-grey scales are very hard. (AC +12)
You are amphibious.
You cannot fit into any form of body armour.
You are cold-blooded and may be slowed by cold attacks.


Message History

HP restored.
You start resting.
Magic restored.
Found a stone staircase leading down.
Found a dagger and a scroll of noise.
b - 3 scrolls of magic mapping (gained 1)
x - 4 scrolls of fear (gained 1)
A cane toad comes into view.
A sourceless malevolence fills the Lair of Beasts...
You fall into a shaft and drop 1 floor!
The shaft crumbles and collapses.
Urug the Orcish Ballista comes into view.
She is wielding a +1 war axe of freezing.
Urug shouts!
Found the +4 skin of Zhor {*Englaciate rC+++ SInv}.
The rime drake hisses angrily. x3
Urug drinks a potion.
Urug goes berserk!
Casting: Scorch (safe; 2% risk of failure)
Confirm with . or Enter, or press ? or * to list all spells.
Flames lash Urug.
Urug is lightly wounded.
Urug's fire resistance burns away.
The rime drake hisses angrily.
Urug hits you with a +1 war axe of freezing!!
Urug freezes you!
Urug hits you with a +1 war axe of freezing!!
You feel yourself slow down. Urug freezes you!
You miss Urug.
Urug hits you with a +1 war axe of freezing!
* * * LOW HITPOINT WARNING * * *
Urug freezes you.
* * * LOW HITPOINT WARNING * * *
You feel much better.
You feel yourself speed up.
Urug is no longer more vulnerable to fire.
Urug hits you with a +1 war axe of freezing!
* * * LOW HITPOINT WARNING * * *
Urug freezes you.
* * * LOW HITPOINT WARNING * * *
Urug hits you with a +1 war axe of freezing!!
You die...

##.[###...P#
###..##...#
#.##..##..##
#..##k.#####
#...##kk##..
#....##.k..#
#...P###.w##
#....# ##..#
#.@.## ....
#P.o.# ##.
##...## k.
#..###+ #
........
..........
...........
###.##..####


You could see Urug (berserk) and 3 rime drakes.

Vanquished Creatures
  Pikel (D:8)
  2 cane toads (Lair:1)
  A komodo dragon (Lair:1)
  A steam dragon (D:8)
  2 water moccasins (Lair:1)
  4 ice beasts
  2 orc warriors
  2 black bears (D:5)
  2 ogres
  2 lemures (D:8)
  2 phantoms (D:4)
  3 bullfrogs
  2 gnoll sergeants
  4 water moccasin zombies (Ossuary)
  2 scorpions
  5 wights (D:8)
  17 killer bees
  A howler monkey (D:3)
  A hound (D:6)
  4 orc priests
  A gnoll bouda (D:5)
  A jelly (D:8)
  An iguana (D:5)
  2 sleepcaps (D:5)
  6 orc wizards
  3 mummies
  16 gnolls
  6 adders
  A shadow imp (D:8)
  A white imp (D:7)
  An ufetubus (D:5)
  4 adder zombies (Ossuary)
  2 worms
  6 dart slugs
  30 orcs
  4 endoplasms
  A giant cockroach (D:3)
  A gnoll zombie (Ossuary)
  8 goblins
  13 hobgoblins
  7 jackals
  6 kobolds
  6 quokkas
  7 ball pythons
  4 bats
  3 frilled lizards
  6 hobgoblin zombies (Ossuary)
  5 kobold zombies (Ossuary)
  6 orc zombies (Ossuary)
  7 rats
225 creatures vanquished.

Vanquished Creatures (others)
  23 foxfires
23 creatures vanquished.

Grand Total: 248 creatures vanquished

Notes
Turn   | Place    | Note
-------+----------+-------------------------------------------
     0 | D:1      | relativegg the Draconian Cinder Acolyte began the quest for
                  | the Orb.
     0 | D:1      | Reached XP level 1. HP: 19/19 MP: 2/2
   224 | D:1      | Reached XP level 2. HP: 26/26 MP: 3/3
   227 | D:1      | Learned a level 2 spell: Scorch
   769 | D:2      | Reached XP level 3. HP: 33/33 MP: 4/4
  1396 | D:2      | Reached skill level 4 in Fighting
  1618 | D:3      | Found a hide-covered altar of Uskayaw.
  1630 | D:3      | Reached skill level 1 in Dodging
  1630 | D:3      | Reached XP level 4. HP: 38/41 MP: 2/6
  1725 | D:3      | Found a hazy altar of Hepliaklqana.
  1977 | D:3      | Reached XP level 5. HP: 40/45 MP: 7/7
  2001 | D:3      | Reached skill level 1 in Short Blades
  2124 | D:3      | Found a sacrificial altar of Ru.
  2130 | D:3      | Found a stormy altar of Qazlal.
  2136 | D:3      | Found a white marble altar of Elyvilon.
  2521 | D:4      | Found Ybloexoo's Weapon Shop.
  2575 | D:4      | Reached skill level 5 in Fighting
  2577 | D:4      | HP: 2/48 [poisoned by a killer bee]
  2580 | D:4      | Reached XP level 6. HP: 9/56 MP: 7/9
  2782 | D:4      | Reached skill level 1 in Stealth
  2946 | D:4      | Your scales start taking on a dull iron-grey colour.
  2946 | D:4      | Reached XP level 7. HP: 56/61 MP: 5/10
  3175 | D:4      | Identified a scroll of acquirement
  3175 | D:4      | Acquired the +0 cloak of Ruly {rF+}
  3254 | D:5      | Entered Level 5 of the Dungeon
  3645 | D:5      | Reached skill level 6 in Fighting
  3822 | D:5      | Reached XP level 8. HP: 69/70 MP: 12/14
  4203 | D:6      | Found a staircase to the Ecumenical Temple.
  4210 | Temple   | Entered the Ecumenical Temple
  5145 | D:7      | Reached skill level 5 in Short Blades
  5331 | D:7      | Found a glowing silver altar of Zin.
  5467 | D:7      | HP: 2/71 [poisoned by an orc wizard]
  5634 | D:7      | Found a sand-covered staircase.
  5660 | Ossuary  | Entered an ossuary
  5907 | Ossuary  | Reached XP level 9. HP: 64/78 MP: 11/16
  6406 | D:7      | Reached skill level 7 in Fighting
  6406 | D:7      | Reached skill level 5 in Spellcasting
  6763 | D:7      | Found an ancient bone altar of Kikubaaqudgha.
  6764 | D:7      | Found a shadowy altar of Dithmenos.
  6767 | D:7      | Found a bloodstained altar of Trog.
  6769 | D:7      | Found a broken altar of Ashenzari.
  6769 | D:7      | Found an iron altar of Okawaru.
  7182 | D:8      | Reached skill level 5 in Fire Magic
  7645 | D:8      | Found Nonoen's Book Boutique.
  7674 | D:8      | Reached skill level 5 in Dodging
  7811 | D:8      | Found a burning altar of Makhleb.
  7935 | D:8      | Noticed Pikel
  7962 | D:8      | Killed Pikel
  7963 | D:8      | Reached XP level 10. HP: 25/88 MP: 6/19
  8379 | D:9      | Found a staircase to the Lair.
  8431 | Lair:1   | Entered Level 1 of the Lair of Beasts
  8499 | Lair:1   | Reached skill level 8 in Fighting
  8518 | Lair:1   | Noticed a cane toad
  8519 | Lair:1   | Noticed a cane toad
  8532 | Lair:1   | Killed a cane toad
  8542 | Lair:1   | Killed a cane toad
  8662 | Lair:1   | Noticed a cane toad
  8662 | Lair:1   | You fall into a shaft and drop 1 floor!
  8662 | Lair:2   | Noticed a torpor snail
  8662 | Lair:2   | Noticed Urug
  8662 | Lair:2   | Found the +4 skin of Zhor {*Englaciate rC+++ SInv}
  8668 | Lair:2   | Demolished by Urug

Illustrated notes

Levels and vault maps discovered:
D:1:      dpeg_arrival_prison, layout_loops_ring
D:2:      layout_loops_cross
D:3:      cheibrodos_greedy_goblins, layout_loops_cross,
          mainiacjoe_overflow_small_starburst, minmay_overflow_temple_star_quad,
          lemuel_doored_altar
D:4:      layout_gridville, serial_shops, nicolae_shop_peninsula
D:5:      layout_basic, grunt_ministairs_6
D:6:      layout_loops_corners, minmay_temple_entry_drinking_statues,
          nrook_mini_vaults, minmay_misc_feat_tiny,
          eino_small_chamber_without_monster
D:7:      layout_basic, marbit_many_paths, grunt_temple_overflow_open,
          gup_ossuary_entry_pyramid
D:8:      layout_loops_ring, kennysheep_mini, serial_shops, shop,
          minmay_manual_monstrance, uniq_pikel
D:9:      layout_rooms, lair_entry_dummy, david_orc_3, st_stairs_3, uniq_harold
Temple:   hellmonk_temple_micro_hex
Lair:1:   layout_cave_shapes, grunt_megastairs_4
Lair:2:   layout_long_grid, spider_nest_entry_funnel_web,
          hellmonk_guarded_unrand_zhor, lemuel_fruit_tree, serial_bayou_shore_a,
          uniq_fannar, uniq_urug

Skill      XL: |  1  2  3  4  5  6  7  8  9 10 |
---------------+-------------------------------+-----
Fighting       | 4 5 6 7 8 |  8.1
Dodging        | 1 2 4 5 6 |  6.5
Short Blades   | 2 3 5 7 |  7.8
Spellcasting   | 2 4 6 |  6.5
Stealth        | 1 2 |  2.8
Fire Magic     | 4 5 |  5.5
Polearms       | |  3.6
Evocations     | |  0.1

Action                     |  1- 3 |  4- 6 |  7- 9 | 10-12 || total
---------------------------+-------+-------+-------+-------++-------
  Melee: Spear             |   105 |       |       |       ||   105
         Tailslap          |    12 |     8 |    73 |     8 ||   101
         Short sword       |    42 |   104 |   597 |    66 ||   809
         Punch             |       |       |     6 |       ||     6
   Cast: Scorch            |     1 |     9 |    57 |     8 ||    75
 Invoke: Fiery Armour      |       |     2 |     3 |       ||     5
         Foxfire Swarm     |       |     1 |     3 |       ||     4
  Evoke: Wand              |       |       |     1 |       ||     1
    Use: Scroll            |     1 |     8 |    15 |       ||    24
         Potion            |       |     1 |    12 |     1 ||    14
   Stab: Sleeping          |     1 |       |     2 |       ||     3
         Distracted        |       |       |     1 |       ||     1
 Armour: Skin              |    44 |    42 |   371 |    25 ||   482
  Dodge: Dodged            |    66 |    62 |   360 |    29 ||   517
